 Dungeon Crawl Stone Soup version 0.23-a0-419-g0174fd8 (webtiles) character file.

30 Firecrotchwizard the Insei (level 3, 0/17 HPs)
             Began as a Vine Stalker Transmuter on Nov 12, 2018.
             Slain by a vampire bat (2 damage)
             ... on level 2 of the Dungeon.
             The game lasted 00:02:37 (1896 turns).

Firecrotchwizard the Insei (VSTm)                   Turns: 1896, Time: 00:02:37

Health: 0/17       AC:  2    Str: 12    XL:     3   Next: 20%
Magic:  0/7        EV: 12    Int: 14    God:
Gold:   43         SH:  0    Dex: 14    Spells: 3/6 levels left

rFire    + . .     SeeInvis .     - Unarmed
rCold    + . .     Gourm    .   (no shield)
rNeg     . . .     Faith    .   b - +0 robe
rPois    .         Spirit   +   (no helmet)
rElec    .         Reflect  .   f - scarf {rC+ rF+}
rCorr    .         Harm     .   (no gloves)
MR       .....                  (boots currently unavailable)
Stlth    +.........             (no amulet)
HPRegen  0.05/turn              (no ring)
MPRegen  0.10/turn              (no ring)

@: appendage
A: fangs 2, talons 3, magic shield, antimagic bite, no potion heal 3, rot
immunity
a: End Transformation


You were on level 2 of the Dungeon.
You were not hungry.
You had grown temporary talons.
You visited 1 branch of the dungeon, and saw 2 of its levels.

You collected 43 gold pieces.

Inventory:

Missiles
 a - 12 arrows
 e - 30 stones (quivered)
Armour
 b - a +0 robe (worn)
 f - a scarf of resistance (worn)
   (You found it on level 2 of the Dungeon)
Jewellery
 l - an uncursed amulet of guardian spirit {unknown}
   (You found it on level 2 of the Dungeon)
Scrolls
 g - a scroll of identify {unknown}
 h - 2 scrolls of teleportation {unknown}
 i - a scroll of magic mapping {unknown}
 j - a scroll of amnesia {unknown}
Potions
 c - a potion of might {unknown}
 d - a potion of agility {unknown}
 m - 3 potions of berserk rage {unknown}
 n - a potion of degeneration {unknown}
Comestibles
 k - 2 rations


   Skills:
 - Level 0.8 Fighting
 - Level 1.5 Dodging
 * Level 3.9 Unarmed Combat
 - Level 2.1 Spellcasting
 + Level 2.5 Transmutations


You had 3 spell levels left.
You knew the following spells:

 Your Spells              Type           Power        Failure   Level  Hunger
a - Beastly Appendage     Tmut           #.....       9%          1    #......
s - Sticks to Snakes      Tmut           #.......     12%         2    ###....

Your spell library contained the following spells:

 Spells                   Type           Power        Failure   Level  Hunger
 Spider Form              Tmut/Pois      #.........   38%         3    ###....
 Ice Form                 Ice/Tmut       #.......     80%         4    #####..
 Blade Hands              Tmut           #.........   92%         5    ######.


Dungeon Overview and Level Annotations

Branches:
Dungeon (2/15)

Altars:
Fedhas
Kikubaaqudgha


Innate Abilities, Weirdness & Mutations

You have extremely sharp teeth.
When hurt, damage is shared between your health and your magic reserves.
Your bite disrupts and absorbs the magic of your enemies.
Potions cannot restore your health.
You are immune to rotting.
You have claws for feet.


Message History

No target in view!
No target in view! 2 zombies come into view.
You see here a stone.
There are monsters nearby!
There isn't anything to butcher here.
e - 30 stones (gained 1)
The bat zombie hits you but does no damage.
The bat zombie hits you. The bat zombie closely misses you.
You take 1 damage, and have 16/17 hp.
You hit the bat zombie. Your bite misses the bat zombie.
The bat zombie closely misses you. The bat zombie barely misses you.
You hit the bat zombie.
You destroy the bat zombie!
The bat zombie misses you. The bat zombie hits you.
You now have 5/7 mp.
You hit the bat zombie. Your bite misses the bat zombie.
The bat zombie misses you.
The bat zombie hits you but does no damage.
Health restored: 17 You hit the bat zombie.
The bat zombie hits you. The bat zombie misses you.
The bat zombie hits you but does no damage.
You hit the bat zombie.
You destroy the bat zombie!
You take 1 damage, and have 16/17 hp.
No target in view!
No target in view!
No target in view!
No target in view!
There is a dry fountain here. 2 vampire bats come into view.
The vampire bat moves out of view. x2
Found an ancient bone altar of Kikubaaqudgha.
No target in view!
A vampire bat comes into view.
The vampire bat bites you but does no damage. x2
There are monsters nearby!
You hit the vampire bat but do no damage.
The vampire bat bites you but does no damage.
You closely miss the vampire bat. You bite the vampire bat.
You drain its power.
You feel invigorated. The vampire bat bites you.
The vampire bat draws strength from your injuries!
You take 1 damage, and have 15/17 hp.
MP restored: 7 You hit the vampire bat but do no damage.
The vampire bat bites you.
The vampire bat draws strength from your injuries!
The vampire bat completely misses you.
You take 1 damage, and have 14/17 hp.
You hit the vampire bat. You bite the vampire bat. You drain its power.
The vampire bat bites you.
The vampire bat draws strength from your injuries!
The vampire bat closely misses you.
You now have 6/7 mp.
You hit the vampire bat. The vampire bat bites you.
The vampire bat draws strength from your injuries!
The vampire bat bites you but does no damage.
You take 2 damage, and have 12/17 hp.
You closely miss the vampire bat. Your bite misses the vampire bat.
The vampire bat bites you.
The vampire bat draws strength from your injuries!
The vampire bat bites you but does no damage.
You take 1 damage, and have 11/17 hp.
You now have 5/7 mp.
You are too injured to fight recklessly!
You are too injured to fight recklessly!
You are too injured to fight recklessly!
You are too injured to fight recklessly!
You are too injured to fight recklessly!
Unknown command.
The vampire bat bites you.
The vampire bat draws strength from your injuries!
The vampire bat bites you.
The vampire bat draws strength from your injuries!
You take 1 damage, and have 10/17 hp.
You now have 3/7 mp.
Your feet morph into talons.
The vampire bat barely misses you. The vampire bat bites you.
The vampire bat draws strength from your injuries!
The vampire bat bites you but does no damage.
You take 1 damage, and have 9/17 hp.
You now have 1/7 mp.
You closely miss the vampire bat. Your kick misses the vampire bat.
Your bite misses the vampire bat. The vampire bat bites you.
The vampire bat draws strength from your injuries!
The vampire bat barely misses you. The vampire bat misses you. x2
You take 1 damage, and have 8/17 hp.
You barely miss the vampire bat. The vampire bat closely misses you.
The vampire bat barely misses you. The vampire bat misses you.
You closely miss the vampire bat. The vampire bat bites you.
The vampire bat draws strength from your injuries!
The vampire bat bites you but does no damage.
The vampire bat barely misses you.
You take 2 damage, and have 6/17 hp.
You now have 1/7 mp.
You closely miss the vampire bat. Your kick misses the vampire bat.
Your bite misses the vampire bat. The vampire bat bites you.
* * * LOW HITPOINT WARNING * * *
The vampire bat draws strength from your injuries!
The vampire bat barely misses you. The vampire bat bites you.
* * * LOW HITPOINT WARNING * * *
The vampire bat draws strength from your injuries!
The vampire bat bites you.
You die...

#.# ##.#.#.#.#.#.#.###.#### ##
##.#####...#.⌠.#.⌠.#.⌠.##.....
.###......#⌠.⌠.#.#.#.#.#..'.#####
......#####._...#.⌠.#.⌠.#.'..#
.###.######⌠.⌠.#.#.#.#.#..'..###
..........# ..#.⌠.#.⌠.#.⌠.#....#
.###...[..##.#.#.#.#.#.#.##..#.#
...#......# #.⌠b#b⌠.#...###..#.#
..........# #@#.###### #..#.##
..........# ######## #....#.
..........# #<.....######....#.
....####### #......'...........
....######### #......##......#.#.
............###....###....####.#.
...≈≈≈......'......# ##..## #...
.≈≈≈≈≈≈≈....######## ♣....♣ #.##
≈≈≈≈≈≈≈≈≈...# ♣...♣♣ #...


You could see 2 vampire bats.

Vanquished Creatures
  A leopard gecko (D:1)
  2 bats (D:1)
  2 bat skeletons (D:2)
  3 bat zombies (D:2)
  4 hobgoblins (D:1)
  2 jackals (D:1)
  5 kobolds
  3 goblins (D:1)
  2 rats (D:1)
24 creatures vanquished.

Notes
Turn   | Place    | Note
-------+----------+-------------------------------------------
     0 | D:1      | Firecrotchwizard the Vine Stalker Transmuter began the
                  | quest for the Orb.
     0 | D:1      | Reached XP level 1. HP: 9/9 MP: 4/4
   214 | D:1      | Reached XP level 2. HP: 11/14 MP: 4/6
  1283 | D:2      | Reached XP level 3. HP: 11/17 MP: 3/7
  1468 | D:2      | Learned a level 2 spell: Sticks to Snakes
  1479 | D:2      | Found a blossoming altar of Fedhas.
  1883 | D:2      | Found an ancient bone altar of Kikubaaqudgha.
  1896 | D:2      | HP: 4/17 [vampire bat (2)]
  1896 | D:2      | Slain by a vampire bat

Vault maps used:
D:1:      dpeg_arrival_oval, serial_curves, eino_curves_03, eino_curves_02,
          eino_curves_04
D:2:      kennysheep_vampire_church, first_ration, fedhas_ov_isle_minmay,
          uniq_crazy_yiuf_cottage, uniq_robin

Action                   || total
-------------------------++-------
Melee: Unarmed           ||    63
       Bite              ||    14
       Punch             ||     1
       Kick              ||     1
Throw: Stone             ||    18
 Cast: Beastly Appendage ||     6
  Eat: Ration            ||     1
Armor: Robe              ||    17
Dodge: Dodged            ||    47

Table legend:
 A = Non-vault XP
 B = Vault XP
 C = Vault XP percentage of total XP
 D = Non-vault monster count
 E = Vault monster count
 F = Vault count percentage of total count
                 A         B        C        D         E       F
            +---------+---------+-------+---------+---------+-------
      Total |      34 |      10 |  22.7 |      19 |       5 |  20.8
            +---------+---------+-------+---------+---------+-------
        D:1 |      30 |       0 |   0.0 |      17 |       0 |   0.0
        D:2 |       4 |      10 |  71.4 |       2 |       5 |  71.4
            +---------+---------+-------+---------+---------+-------

Vault maps used:
D:1:      dpeg_arrival_oval, serial_curves, eino_curves_03, eino_curves_02,
          eino_curves_04
D:2:      kennysheep_vampire_church, first_ration, fedhas_ov_isle_minmay,
          uniq_crazy_yiuf_cottage, uniq_robin

Table legend:
 A = Turns spent in this place as a percentage of turns spent in the entire game.
 B = Non-inter-level travel turns spent in this place as a percentage of non-inter-level travel turns spent in the entire game.
 C = Inter-level travel turns spent in this place as a percentage of turns spent in this place.
 D = Turns resting spent in this place as a percentage of non-inter-level travel turns spent in this place.
 E = Turns spent auto-exploring this place as a percentage of non-inter-level travel turns spent in this place.
 F = Non-inter-level travel turns spent in this place divided by the number of levels of this place that you've seen.
                   A       B       C       D       E      F
               +-------+-------+-------+-------+-------+----------------------
         Total | 100.0 | 100.0 |   2.1 |  19.5 |  70.9 | 928.5
       Dungeon | 100.0 | 100.0 |   2.1 |  19.5 |  70.9 | 928.5
               +-------+-------+-------+-------+-------+----------------------

Table legend:
 A = Kills in this place as a percentage of kills in entire the game.
 B = Kills by you in this place as a percentage of kills by you in the entire game.
 C = Kills by friends in this place as a percentage of kills by friends in the entire game.
 D = Other kills in this place as a percentage of other kills in the entire game.
 E = Experience gained in this place as a percentage of experience gained in the entire game.
 F = Experience gained in this place divided by the number of levels of this place that you have seen.
                   A       B       C       D       E      F
               +-------+-------+-------+-------+-------+----------------------
         Total | 100.0 | 100.0 |   N/A |   N/A | 100.0 |  22.0
       Dungeon | 100.0 | 100.0 |   N/A |   N/A | 100.0 |  22.0
               +-------+-------+-------+-------+-------+----------------------
